[Event "*** Titled Tuesday Blitz"]
[Site "Chess.com"]
[Date "2021.03.16"]
[Round "9"]
[White "HanSchut"]
[Black "WilliamSchill"]
[Result "1-0"]
[WhiteElo "2234"]
[BlackElo "2137"]
[TimeControl "180+1"]
[EndTime "11:44:21 PDT"]
[Termination "HanSchut won on time"]

1. e4 c5 2. Nf3 Nc6 3. d4 cxd4 4. Nxd4 e5 5. Nb5 d6 6. N1c3 a6 7. Na3 Be7 8. Nd5 Nf6 9. Be3 Nxd5 10. exd5 Nd4 11.
Nc4 b5 12. c3 Nf5 13. Bb6 Qd7 14. Ne3 Rb8 15. Nxf5 Qxf5 16. Be3 Qg6 17. g3 Qe4 18. Rg1 Bg4 19. Bg2 Qxe3+ 20. fxe3 Bxd1 21. Kxd1 O-O 22. a4 Bg5 23. Ke2 bxa4 24. Rgb1 Rb3 25. Rxa4 Rfb8 26. Ra2 f5 27. h4 Bh6 28. Kd3 g6 29. e4 f4 30. g4 Bf8 31. Bf3 Be7 32.
h5 g5 33. Bd1 R3b6 34. b4 Bd8 35. Ra4 1-0

[Event "*** Titled Tuesday Blitz"]
[Site "Chess.com"]
[Date "2021.03.16"]
[Round "9"]
[White "Maddie"]
[Black "novocane"]
[Result "0-1"]
[WhiteElo "2059"]
[BlackElo "2234"]
[TimeControl "180+1"]
[EndTime "11:44:22 PDT"]
[Termination "novocane won on time"]

1. d4 Nf6 2. Nf3 e6 3. e3 b6 4. Bd3 Bb7 5. O-O Be7 6. Nbd2 O-O 7. b3 c5 8. Bb2 d5 9. Ne5 Nbd7 10. f4 Ne4 11. Nxd7 Qxd7 12. Nf3 f6 13. c4 Rad8 14.
Qc2 Qc8 15. Rac1 Qa8 16. cxd5 exd5 17. dxc5 bxc5 18. Nh4 Rfe8 19. Nf5 Bf8 20. Bxe4 Rxe4 21. Rf3 Rde8 22. Rh3 g6 23. Ng3 Rxe3 24. Bxf6 Bg7 25.
Bxg7 Kxg7 26. f5 d4 27. fxg6 hxg6 28. Nf1 Re2 29. Qd3 Rxg2+ 30. Kh1 Rg3+ 0-1

[Event "*** Titled Tuesday Blitz"]
[Site "Chess.com"]
[Date "2021.03.16"]
[Round "9"]
[White "fabianvivasz"]
[Black "GelmanAlexander"]
[Result "1-0"]
[WhiteElo "2395"]
[BlackElo "2553"]
[TimeControl "180+1"]
[EndTime "11:44:24 PDT"]
[Termination "fabianvivasz won by resignation"]

1. e4 c5 2. Nf3 e6 3. d4 cxd4 4.
Nxd4 a6 5. Bd3 d6 6. O-O Nf6 7.
Qe2 Nbd7 8. f4 Qc7 9. c4 b6 10.
Nc3 Bb7 11. b4 Be7 12. Bd2 O-O 13. g4 g6 14. g5 Nh5 15. Rf3 Rae8 16. Rh3 Ng7 17.
Rf1 f6 18. Qg4 f5 19. Qe2 e5 20. Nxf5 gxf5 21. exf5 Nxf5 22. Qh5 Rf7 23. Bxf5 Nf8 24. g6 Rg7 25. Kf2 Qxc4 26. gxh7+ Kh8 27. Qxe8 Qd4+ 28.
Ke2 e4 29. Rg3 Rxg3 30. hxg3 Qd3+ 31. Ke1 e3 32. Bxd3 exd2+ 33. Kxd2 1-0

[Event "*** Titled Tuesday Blitz"]
[Site "Chess.com"]
[Date "2021.03.16"]
[Round "9"]
[White "WiktoriaPOL"]
[Black "kubal123"]
[Result "0-1"]
[WhiteElo "2106"]
[BlackElo "2255"]
[TimeControl "180+1"]
[EndTime "11:44:24 PDT"]
[Termination "kubal123 won by checkmate"]

1. c4 e5 2. Nc3 f5 3. d4 Nc6 4. dxe5 Nxe5 5. e3 Nf6 6. Be2 Bb4 7. Nf3 Bxc3+ 8. bxc3 Qe7 9. O-O O-O 10. a4 d6 11.
Ba3 c5 12. Rb1 b6 13. a5 Bb7 14. axb6 axb6 15. Qb3 Nfd7 16. Nxe5 dxe5 17. Rfd1 f4 18.
Bc1 f3 19. Bd3 e4 20. Bc2 Qg5 21. g3 Qf5 22. Kf1 Qh3+ 23. Ke1 Rfd8 24. Qb5 Ne5 25. Rxd8+ Rxd8 26. Qxb6 Rd7 27. Qxc5 Qg2 28. Qxe5 Qg1# 0-1

[Event "*** Titled Tuesday Blitz"]
[Site "Chess.com"]
[Date "2021.03.16"]
[Round "9"]
[White "rachidhuilda"]
[Black "ariosp"]
[Result "1-0"]
[WhiteElo "2286"]
[BlackElo "2193"]
[TimeControl "180+1"]
[EndTime "11:44:25 PDT"]
[Termination "rachidhuilda won by resignation"]

1. d4 Nf6 2. Bg5 e6 3. e4 h6 4. Bxf6 Qxf6 5. c3 d5 6. Nd2 c5 7. Ngf3 Nc6 8. Bb5 Bd7 9. O-O Be7 10. exd5 exd5 11. Ne5 Nxe5 12. dxe5 Qe6 13. Qa4 a6 14. Bxd7+ Qxd7 15. Qxd7+ Kxd7 16. f4 Kc6 17. Nf3 Rad8 18.
Rfd1 g6 19. Kf2 Rd7 20. Ke3 Rhd8 21. Rd2 b5 22. Rad1 Kb6 23. g4 a5 24. f5 gxf5 25.
gxf5 d4+ 26. cxd4 cxd4+ 27. Ke4 Bg5 28. Nxg5 hxg5 29. Rxd4 Rxd4+ 30. Rxd4 Rh8 31. Rd7 Rxh2 32. Rxf7 Rxb2 33. e6 Rxa2 34. f6 Re2+ 35. Kf5 b4 36. e7 b3 37. Rf8 a4 38. e8=Q Rxe8 39. Rxe8 Kc7 40. f7 b2 41. Re1 1-0

[Event "*** Titled Tuesday Blitz"]
[Site "Chess.com"]
[Date "2021.03.16"]
[Round "9"]
[White "Grieve72"]
[Black "ViktoriyaTarasova"]
[Result "0-1"]
[WhiteElo "2490"]
[BlackElo "2378"]
[TimeControl "180+1"]
[EndTime "11:44:26 PDT"]
[Termination "ViktoriyaTarasova won on time"]

1. e4 e5 2. Nf3 Nc6 3. Bc4 Bc5 4.
O-O Nf6 5. d3 h6 6. Nbd2 d6 7.
a4 a6 8. c3 O-O 9. h3 Be6 10.
Re1 Re8 11. Bxe6 Rxe6 12. Nf1 Re8 13. Ng3 d5 14. Qe2 Qd7 15. Be3 Bxe3 16. Qxe3 Rad8 17. Rad1 dxe4 18. Nxe4 Nxe4 19. Qxe4 f5 20. Qc4+ Kh7 21. Rd2 Re7 22. Qh4 Kg8 23. Qh5 Rde8 24. Qg6 Qe6 25.
Qxe6+ Rxe6 26. Rde2 Kf7 27. Kf1 Kf6 28. b4 b5 29.
axb5 axb5 30. Ra1 Rd8 31. Ne1 Ne7 32. Ra7 Rc6 33. Rb7 Rxc3 34. Rxb5 Nc6 35. g3 Rc1 0-1

[Event "*** Titled Tuesday Blitz"]
[Site "Chess.com"]
[Date "2021.03.16"]
[Round "9"]
[White "chessmadara"]
[Black "Speed-O-Sonic"]
[Result "0-1"]
[WhiteElo "2183"]
[BlackElo "2367"]
[TimeControl "180+1"]
[EndTime "11:44:26 PDT"]
[Termination "Speed-O-Sonic won on time"]

1. e4 c6 2. d4 d5 3. Nc3 dxe4 4. Nxe4 Nf6 5. Nxf6+ exf6 6. c3 Bd6 7. Bd3 O-O 8.
Ne2 Re8 9. Qc2 h5 10. Be3 Nd7 11. O-O-O Nf8 12. Kb1 Be6 13. Nf4 Bxf4 14. Bxf4 b5 15. Be4 Bd5 16. f3 a5 17. g4 hxg4 18. Rhg1 gxf3 19. Bf5 Ng6 20. Bc1 Qe7 21. Rg4 Qe2 22. h4 Qxc2+ 23. Kxc2 f2 24. h5 Bf3 25. Rf1 Bxg4 26.
Bxg4 Ne7 27. Rxf2 Nd5 28. Bd7 Red8 29. Bxc6 Rab8 30. h6 Rb6 31. Bxd5 Rxd5 32. hxg7 Kxg7 33. Rh2 b4 34. Bh6+ Kg6 35. Bf8 Rc6 36. Rh6+ Kg5 37. Kd3 bxc3 38. bxc3 Rd8 39. Bg7 Rg8 0-1

[Event "*** Titled Tuesday Blitz"]
[Site "Chess.com"]
[Date "2021.03.16"]
[Round "9"]
[White "IngOscarArdila"]
[Black "Manukyan_Artak"]
[Result "1-0"]
[WhiteElo "2289"]
[BlackElo "2378"]
[TimeControl "180+1"]
[EndTime "11:44:29 PDT"]
[Termination "IngOscarArdila won on time"]

1. d4 Nf6 2. c4 e6 3. Nc3 Bb4 4. Bd2 d5 5. Nf3 O-O 6. e3 b6 7. cxd5 exd5 8. Bd3 Ba6 9. Bxa6 Nxa6 10. Qa4 Bxc3 11.
bxc3 Nb8 12. O-O Nbd7 13. c4 c5 14. cxd5 Nxd5 15. Rac1 cxd4 16. Nxd4 Nc5 17. Qb5 Nc7 18. Qe2 N7e6 19. Bc3 Nxd4 20. Bxd4 Ne6 21. Ba1 Qd5 22. Rfd1 Qg5 23. Qf3 Rad8 24. h3 h5 25. Kh2 h4 26.
Rxd8 Rxd8 27. Rc4 Qh6 28. Rg4 Rd2 29. a4 Ra2 30. Be5 Kh7 31. Qe4+ g6 32. Qf3 f5 33.
Qd5 fxg4 34. Qxa2 g3+ 35. fxg3 hxg3+ 36. Bxg3 Qxe3 37. Qd5 g5 38. Qd7+ Kg6 39. Qe8+ Kf5 40. Qf7+ 1-0

[Event "*** Titled Tuesday Blitz"]
[Site "Chess.com"]
[Date "2021.03.16"]
[Round "9"]
[White "Murad_Ibrahimli"]
[Black "Bodnar_Mykola"]
[Result "0-1"]
[WhiteElo "2769"]
[BlackElo "2517"]
[TimeControl "180+1"]
[EndTime "11:44:30 PDT"]
[Termination "Bodnar_Mykola won by resignation"]

1. Nf3 Nf6 2. g3 g6 3. Bg2 Bg7 4. O-O O-O 5. c4 c5 6. Nc3 Nc6 7. d4 cxd4 8. Nxd4 Nxd4 9. Qxd4 d6 10. Qd3 Qa5 11. Bd2 Bf5 12. e4 Be6 13. Nd5 Qd8 14. Bc3 Bxd5 15. exd5 Rc8 16. Rfe1 Qc7 17. Rac1 Rfe8 18.
b3 Nd7 19. Bxg7 Kxg7 20. Bh3 a5 21. Qc3+ Kg8 22. Bxd7 Qxd7 23. Qxa5 Ra8 24. Qd2 b5 25. c5 dxc5 26. Rxc5 Rab8 27. h4 h5 28. Qg5 Rb6 29. Re4 Rd6 30. a4 bxa4 31. bxa4 e6 32. Qe5 Rd8 33.
dxe6 Rxe6 34. Qf4 Qd1+ 35. Kg2 Rde8 36. Rxe6 Rxe6 37. Rc7 Qd5+ 38. Kh2 Re1 39. f3 Qa2+ 0-1

[Event "*** Titled Tuesday Blitz"]
[Site "Chess.com"]
[Date "2021.03.16"]
[Round "9"]
[White "Babas"]
[Black "Matols"]
[Result "1-0"]
[WhiteElo "2410"]
[BlackElo "2288"]
[TimeControl "180+1"]
[EndTime "11:44:30 PDT"]
[Termination "Babas won by resignation"]

1. d4 Nf6 2. Nf3 e6 3. c4 b6 4. Bg5 Bb4+ 5. Nbd2 h6 6. Bxf6 Qxf6 7. e4 Bb7 8. Bd3 d6 9. O-O Bxd2 10. Qxd2 O-O 11.
Rfe1 e5 12. Qc3 Nd7 13. d5 a5 14. b3 Nc5 15. Bc2 Bc8 16. a3 Bg4 17. Nd2 Qg6 18.
b4 axb4 19. axb4 Nd7 20. Nf1 f5 21. h3 Bh5 22. exf5 Qg5 23. Ng3 Nf6 24. c5 bxc5 25. bxc5 Nxd5 26. Bb3 Bf7 27. Bxd5 Bxd5 28. Rad1 c6 29.
cxd6 Rxf5 30. d7 Rff8 31. Rxe5 Qf4 32. Qe3 Qc4 33. Re8 Bf7 34. Rxa8 Rxa8 35. d8=Q+ 1-0

[Event "*** Titled Tuesday Blitz"]
[Site "Chess.com"]
[Date "2021.03.16"]
[Round "9"]
[White "SanchezKelvin"]
[Black "youngKID"]
[Result "1-0"]
[WhiteElo "2648"]
[BlackElo "2781"]
[TimeControl "180+1"]
[EndTime "11:44:31 PDT"]
[Termination "SanchezKelvin won on time"]

1. d4 Nf6 2. c4 e6 3. Nf3 Bb4+ 4. Bd2 Qe7 5. Qc2 O-O 6. e3 Nc6 7. Bxb4 Qxb4+ 8. Nbd2 Qe7 9. a3 a5 10. Bd3 e5 11.
dxe5 Nxe5 12. Nxe5 Qxe5 13. Nf3 Qe7 14. O-O b6 15. Nd4 g6 16. Rac1 d6 17. b4 axb4 18.
axb4 Bb7 19. c5 dxc5 20. bxc5 Bd5 21. cxb6 cxb6 22. Qc7 Qxc7 23. Rxc7 Rfc8 24. Rxc8+ Rxc8 25. Rb1 Rc3 26. Bf1 Bc4 27. Bxc4 Rxc4 28. h3 Nd7 29. f4 Kf8 30. Kf2 Ke7 31. Ke2 Kd6 32. g4 Ra4 33. Kf3 Ra2 34. h4 Kd5 35. Rd1 Nc5 36.
Nb5+ Kc6 37. Nd4+ Kd7 38. Nb3+ Kc7 39. Nd4 Rb2 40. Ra1 Kb7 41. f5 Nd3 42. Ke4 Nc5+ 43. Kf3 f6 44. fxg6 hxg6 45. Rh1 Nd7 46. h5 gxh5 47.
gxh5 Ne5+ 48. Ke4 Ng4 49. Rg1 Nh6 50. Rg6 1-0

[Event "*** Titled Tuesday Blitz"]
[Site "Chess.com"]
[Date "2021.03.16"]
[Round "9"]
[White "DinaBelenkaya"]
[Black "DonBroca"]
[Result "1-0"]
[WhiteElo "2367"]
[BlackElo "2209"]
[TimeControl "180+1"]
[EndTime "11:44:31 PDT"]
[Termination "DinaBelenkaya won on time"]

1. e4 c5 2. Nc3 g6 3. g3 Bg7 4.
Bg2 d6 5. Nge2 Nc6 6. d3 e6 7. Be3 Nge7 8. Qd2 O-O 9. Bh6 b6 10. h4 Nd4 11. Bxg7 Kxg7 12. h5 Rh8 13. O-O-O Bb7 14.
h6+ Kf8 15. Qf4 e5 16. Qf6 Rg8 17. Nxd4 cxd4 18. Nb5 Nc6 19. Qxd6+ Qxd6 20. Nxd6 Ba6 21. f4 exf4 22. gxf4 Ke7 23. e5 Kd7 24. Nxf7 Rae8 25. Ng5 Re7 26. Ne4 Rf8 27. Nf6+ Kc7 28. Bxc6 Kxc6 29. Rhg1 Bc8 30. c3 Kc5 31. a4 a5 32.
Ne4+ Kc6 33. Nf6 Bf5 34. Rg3 b5 35. axb5+ Kxb5 36. Kd2 dxc3+ 37. bxc3 Rd8 38. Rb1+ Ka4 39. Rb6 Ka3 40. d4 a4 41. c4+ Ka2 42. d5 a3 43.
Kc3 Ra7 44. Rg2+ Ka1 45. Rg1+ Ka2 46. d6 Ra4 47. Nd5 Rc8 48. Nb4+ Rxb4 49. Rxb4 Rxc4+ 50. Rxc4 Be6 51. Rc7 1-0

[Event "*** Titled Tuesday Blitz"]
[Site "Chess.com"]
[Date "2021.03.16"]
[Round "9"]
[White "Tekushka"]
[Black "elohunter1999"]
[Result "0-1"]
[WhiteElo "2410"]
[BlackElo "2596"]
[TimeControl "180+1"]
[EndTime "11:44:32 PDT"]
[Termination "elohunter1999 won on time"]

1. e4 e6 2. d4 d5 3. Nc3 Bb4 4. e5 c5 5. a3 Bxc3+ 6. bxc3 Ne7 7. Qg4 cxd4 8. Bd3 Qa5 9. Ne2 dxc3 10.
Qxg7 Rg8 11. Qxh7 Nbc6 12. Bf4 Bd7 13. Bg3 d4 14. O-O Nxe5 15. Nxd4 Nxd3 16. Qxd3 O-O-O 17. Qc4+ Bc6 18. Nxc6 Nxc6 19. Rfe1 Rd4 20. Qe2 Rd2 21. Qf3 f5 22. Rxe6 Nd4 23. Qf4 Nxe6 24. Qb8+ Kd7 25. Qxg8 Qd5 26. Qf7+ Kc6 27. Re1 Rd1 28.
Qe8+ Kb6 29. f3 Nc5 30. Qg6+ Ka5 31. Qe8 b6 32. Qe2 Rxe1+ 33. Qxe1 Qd2 34. h4 Qxc2 35. h5 Qd2 0-1

[Event "*** Titled Tuesday Blitz"]
[Site "Chess.com"]
[Date "2021.03.16"]
[Round "9"]
[White "annacramling"]
[Black "KarateBaby"]
[Result "1-0"]
[WhiteElo "2002"]
[BlackElo "2125"]
[TimeControl "180+1"]
[EndTime "11:44:33 PDT"]
[Termination "annacramling won on time"]

1. d4 Nf6 2. c4 g6 3. Nc3 Bg7 4. e4 d6 5. h3 O-O 6. Bg5 c5 7. d5 e6 8. Nf3 exd5 9. exd5 Re8+ 10. Be2 a6 11. a4 Nbd7 12. O-O Ne5 13. Nxe5 Rxe5 14.
f4 Re8 15. Bd3 h6 16. Bh4 Qb6 17. Qc2 Bd7 18. f5 g5 19. Bg3 Nh5 20. Bh2 Bd4+ 21. Kh1 f6 22. a5 Qc7 23. Ne4 Kf7 24. Bxd6 Qd8 25. Bh2 Bc8 26. Nd6+ Kg8 27. Nxe8 Qxe8 28. Rae1 Qf7 29. Qe2 Ng7 30. Bd6 Bd7 31. Qe7 Qxe7 32.
Rxe7 Be8 33. Rxb7 Bh5 34. g4 Bf7 35. Re1 Ne8 36. Bg3 Rc8 37. Ree7 1-0

[Event "*** Titled Tuesday Blitz"]
[Site "Chess.com"]
[Date "2021.03.16"]
[Round "9"]
[White "davigator"]
[Black "hypert"]
[Result "1-0"]
[WhiteElo "2446"]
[BlackElo "2559"]
[TimeControl "180+1"]
[EndTime "11:44:34 PDT"]
[Termination "davigator won by resignation"]

1. e4 c5 2. Nf3 e6 3. d4 cxd4 4. Nxd4 Nc6 5. Nc3 Qc7 6. Be3 a6 7. f3 Nf6 8. Qd2 b5 9. O-O-O Be7 10. g4 Nxd4 11. Qxd4 Bb7 12. g5 Nh5 13. Rd2 b4 14.
Ne2 d5 15. e5 Rc8 16. Ng3 Nxg3 17. hxg3 Qa5 18. Kb1 Bc5 19. Qf4 d4 20. Bxd4 Bd5 21. b3 Bxd4 22. Rxd4 Qc5 23. Rd2 a5 24. Bd3 g6 25. Rdh2 h5 26. gxh6 Rh7 27. Rf1 a4 28. Rh4 axb3 29. axb3 Qa5 30. Qxb4 Qxb4 31. Rxb4 Rxh6 32.
g4 Rh2 33. f4 Rg2 34. f5 gxf5 35. gxf5 exf5 36. Bxf5 Rc7 37. Rb8+ Ke7 38. Rd1 Be6 39.
Bd3 Rd7 40. Re1 Rg3 41. Kb2 Rg5 42. Re3 Rg2 43. b4 Rc7 44. b5 Rg4 45. b6 Rb4+ 46.
Ka3 Rcc4 47. Bxc4 Rxc4 48. c3 Rc5 49. Kb4 Rc4+ 50. Kb5 Kd7 51. Rd3+ Ke7 52. Rb7+ Ke8 53. Rc7 Re4 54. b7 Bc4+ 55. Rxc4 1-0

[Event "*** Titled Tuesday Blitz"]
[Site "Chess.com"]
[Date "2021.03.16"]
[Round "9"]
[White "ural58"]
[Black "Taran2004"]
[Result "0-1"]
[WhiteElo "2520"]
[BlackElo "2450"]
[TimeControl "180+1"]
[EndTime "11:44:34 PDT"]
[Termination "Taran2004 won by resignation"]

1. e4 c5 2. b3 d6 3. Bb2 Nf6 4. Bxf6 exf6 5. Bd3 Nc6 6. Nc3 g6 7. f4 Bg7 8. Nge2 O-O 9. O-O a6 10. a4 Be6 11. f5 Bd7 12. Nf4 Ne5 13. Ncd5 Bc6 14.
Qe2 g5 15. Nh5 Bxd5 16. exd5 h6 17. c4 Re8 18. Bc2 Qe7 19. h3 Nd7 20. Qf2 Qe5 21. Rab1 Qd4 22. Qxd4 cxd4 23. b4 b6 24. d3 a5 25. Kf2 axb4 26. Rxb4 Rab8 27. Re1 Rxe1 28. Kxe1 Bf8 29. a5 bxa5 30. Nxf6+ Kg7 31. Rxb8 Nxb8 32.
Ne8+ Kg8 33. Nc7 Be7 34. Ba4 Kg7 35. g4 Kf6 36. Kf2 Ke5 37. Kf3 Bd8 38. Nb5 Na6 39.
Na7 Kf6 40. Nc6 Bb6 41. Bb5 Nc5 42. Ke2 a4 43. Kd2 a3 44. Kc2 h5 45. Nxd4 hxg4 46.
hxg4 a2 47. Kb2 Nxd3+ 48. Kxa2 Bxd4 49. Kb3 Bc5 50. Kc3 Ne5 0-1

[Event "*** Titled Tuesday Blitz"]
[Site "Chess.com"]
[Date "2021.03.16"]
[Round "9"]
[White "JimmmyZhang"]
[Black "rpragchess"]
[Result "1-0"]
[WhiteElo "2584"]
[BlackElo "2905"]
[TimeControl "180+1"]
[EndTime "11:44:35 PDT"]
[Termination "JimmmyZhang won by resignation"]

1. d4 Nf6 2. Nf3 g6 3. Nc3 d5 4. Bf4 Bg7 5. e3 O-O 6. Bd3 c5 7. dxc5 Nbd7 8. O-O Nxc5 9. Be2 Nfe4 10. Nxd5 Bxb2 11.
Bc7 Qd7 12. Rb1 Bg7 13. Ne5 Qe6 14. Qd4 b6 15. Nf4 Qxa2 16. Bc4 Qa3 17. Bd5 Bf5 18. g4 e6 19. Bxa8 Rxa8 20. gxf5 exf5 21. Qd5 Rf8 22.
Nd7 Nxd7 23. Qxd7 Qc3 24. Rbd1 h5 25. Bd6 Ra8 26. Qa4 h4 27. Qb3 Qa5 28. Rd5 Qa6 29. Nxg6 Kh7 30. Nxh4 Rg8 31. Bg3 Bh6 32. Rxf5 Qxf1+ 33.
Kxf1 Nd2+ 34. Kg2 Nxb3 35. Rxf7+ Rg7 36. Rxg7+ Bxg7 37. cxb3 a5 38. Bc7 1-0

[Event "*** Titled Tuesday Blitz"]
[Site "Chess.com"]
[Date "2021.03.16"]
[Round "9"]
[White "bazar-wokzal"]
[Black "alexrustemov"]
[Result "1/2-1/2"]
[WhiteElo "2524"]
[BlackElo "2766"]
[TimeControl "180+1"]
[EndTime "11:44:37 PDT"]
[Termination "Game drawn by repetition"]

1. e4 e6 2. d4 d5 3. exd5 exd5 4. Nf3 Bf5 5. c4 Bxb1 6. Rxb1 Bb4+ 7. Bd2 Bxd2+ 8. Qxd2 Nf6 9. Qe3+ Qe7 10. Qxe7+ Kxe7 11. Bd3 dxc4 12. Bxc4 Rd8 13. O-O Nc6 14. Rbd1 Nd5 15. Ne5 Nxe5 16. dxe5 Nb6 17. Bb3 c5 18. f4 c4 19. Bc2 Nd5 20. Be4 Ne3 21. Rxd8 Rxd8 22. Rf3 Rd1+ 23. Kf2 Nd5 24. Ke2 Rd4 25. Bxd5 Rxd5 26.
Rc3 b5 27. b3 cxb3 28. axb3 a5 29. Ke3 Rd7 30. Rc5 Rb7 31. f5 h5 32. g3 g6 33. Kf4 gxf5 34. Kxf5 a4 35. bxa4 bxa4 36. Ra5 Rb4 37. Kg5 h4 38. gxh4 Ke6 39. h5 Rb2 40. Rxa4 Rg2+ 41. Rg4 Rxh2 42. h6 Kxe5 43. Rh4 Rg2+ 44.
Kh5 Kf5 45. h7 Rg5+ 46. Kh6 Rg6+ 47. Kh5 Rg5+ 48. Kh6 Rg6+ 49. Kh5 Rg5+ 1/2-1/2

[Event "*** Titled Tuesday Blitz"]
[Site "Chess.com"]
[Date "2021.03.16"]
[Round "9"]
[White "Orest_Vovk"]
[Black "Matthew-Fishbein"]
[Result "1-0"]
[WhiteElo "2489"]
[BlackElo "2312"]
[TimeControl "180+1"]
[EndTime "11:44:40 PDT"]
[Termination "Orest_Vovk won by resignation"]

1. Nf3 g6 2. Rg1 Bg7 3. g4 e5 4.
d3 d5 5. Rg3 Ne7 6. Bg2 Nbc6 7.
c3 Be6 8. Ng5 Bd7 9. Qb3 h6 10.
Nf3 a6 11. e4 Be6 12. Qc2 Qd7 13. h3 O-O-O 14. Nbd2 d4 15. cxd4 exd4 16. a3 Ne5 17. Nxe5 Bxe5 18. Rf3 f5 19. gxf5 gxf5 20. Nc4 Bxc4 21.
Qxc4 fxe4 22. dxe4 d3 23. Bd2 Rhg8 24. Bf1 Rg1 25.
O-O-O Qd4 26. Qxd4 Rxd4 27. Bxd3 Rxd1+ 28. Kxd1 Nc6 29. Bc3 Rd8 30. Kc2 Bxc3 31. bxc3 Ne5 32. Rg3 Rf8 33. Rg2 Rf3 34. Be2 Rxh3 35. f4 Re3 36. fxe5 Rxe4 37. e6 Kd8 38. Bg4 Ke7 39. Bh3 h5 40. Rg7+ Kd6 41. Rd7+ Kc6 42. Bg2 1-0

[Event "*** Titled Tuesday Blitz"]
[Site "Chess.com"]
[Date "2021.03.16"]
[Round "9"]
[White "SergeyShtyka"]
[Black "Sanyura"]
[Result "0-1"]
[WhiteElo "2410"]
[BlackElo "2614"]
[TimeControl "180+1"]
[EndTime "11:44:40 PDT"]
[Termination "Sanyura won on time"]

1. e4 c6 2. Nf3 d5 3. Nc3 Bg4 4. h3 Bxf3 5. Qxf3 e6 6. d3 Nd7 7.
g3 Ngf6 8. Bg2 Bb4 9. Bd2 O-O 10.
a3 Ba5 11. b4 Bb6 12. O-O a5 13. Rfb1 axb4 14. axb4 Rxa1 15. Rxa1 Bd4 16. Rb1 Qb6 17. Ne2 Ne5 18. Qf4 Ng6 19. Qf3 Be5 20. h4 Rd8 21. Be3 Qa6 22. h5 Qa2 23. Rc1 dxe4 24. dxe4 Ne7 25.
c4 Qb2 26. Bc5 Nc8 27. Rf1 b6 28. Be3 Qxb4 29. h6 gxh6 30. Bxh6 Ne7 31. Qe3 Ng6 32. f4 Ng4 33. Qc1 Qc5+ 34. Kh1 Bb2 35. Qxb2 Qh5+ 0-1

[Event "*** Titled Tuesday Blitz"]
[Site "Chess.com"]
[Date "2021.03.16"]
[Round "9"]
[White "IwkooO"]
[Black "Agnes66678"]
[Result "1-0"]
[WhiteElo "2631"]
[BlackElo "2453"]
[TimeControl "180+1"]
[EndTime "11:44:41 PDT"]
[Termination "IwkooO won by checkmate"]

1. e4 d6 2. d4 Nf6 3. Nc3 e5 4. Nf3 Nbd7 5. Bc4 Be7 6. O-O O-O 7. Re1 c6 8. a4 a5 9. h3 Nb6 10. Bb3 Nfd7 11. Be3 exd4 12. Nxd4 Nc5 13. Qf3 Nxb3 14. cxb3 Be6 15. Rad1 Nd7 16. Nce2 Ne5 17. Qg3 Bh4 18. Qh2 Qe7 19. f4 Bxe1 20. Rxe1 Nd7 21. f5 c5 22. Nb5 Bxb3 23. Nec3 Ne5 24. Bf4 f6 25. Qg3 Rfd8 26. Re2 Bc4 27. Rd2 Rd7 28. Na3 Bf7 29. Nc2 Nc4 30.
Rd1 Nxb2 31. Rxd6 Rxd6 32. Bxd6 Qd7 33. Ne3 Nxa4 34. Ncd5 Bxd5 35. Nxd5 Kh8 36. e5 fxe5 37. Bxe5 Qf7 38. Nf4 Re8 39. Ne6 Rg8 40. Qg5 Nb6 41. Nf4 Nd5 42. Ng6+ Qxg6 43. fxg6 h6 44. Qxh6# 1-0

[Event "*** Titled Tuesday Blitz"]
[Site "Chess.com"]
[Date "2021.03.16"]
[Round "9"]
[White "LamaChampetre"]
[Black "JiiHart"]
[Result "0-1"]
[WhiteElo "2212"]
[BlackElo "2086"]
[TimeControl "180+1"]
[EndTime "11:44:41 PDT"]
[Termination "JiiHart won on time"]

1. d4 Nf6 2. c4 e6 3. Nf3 c5 4. d5 exd5 5. cxd5 d6 6. g3 g6 7. Bg2 Bg7 8. O-O O-O 9. Nc3 a6 10.
a4 b6 11. Bf4 Bb7 12. Rc1 Ne8 13. Qd2 Nd7 14. Rfe1 Qe7 15. h4 Nc7 16. Bg5 f6 17. Bf4 b5 18. Nh2 f5 19. e4 b4 20.
Nd1 fxe4 21. Rxe4 Qf6 22. Bg5 Qf5 23. Rf4 Qe5 24. Ng4 Qe8 25. Rxf8+ Qxf8 26. Nh6+ Bxh6 27.
Bxh6 Qf5 28. Ne3 Qe5 29. Re1 Qd4 30. Qe2 Re8 31. Qg4 Qxg4 32. Nxg4 Rxe1+ 33. Kh2 Bxd5 34. f3 Re2 35. Kh3 Rxb2 0-1

[Event "*** Titled Tuesday Blitz"]
[Site "Chess.com"]
[Date "2021.03.16"]
[Round "9"]
[White "Ranindu2003"]
[Black "Kobalia"]
[Result "0-1"]
[WhiteElo "2589"]
[BlackElo "2735"]
[TimeControl "180+1"]
[EndTime "11:44:42 PDT"]
[Termination "Kobalia won by checkmate"]

1. e4 c5 2. Nf3 e6 3. d4 cxd4 4. Nxd4 Nc6 5. Nc3 a6 6. g3 d6 7. Nxc6 bxc6 8. Bg2 Qc7 9. O-O Be7 10. Na4 Nf6 11.
c4 O-O 12. c5 d5 13. exd5 Nxd5 14. b3 a5 15. Re1 Rd8 16. Qc2 Nb4 17. Qe4 Ba6 18. Bf4 Qb7 19. Be5 Bb5 20. Qg4 Bf8 21.
Nb6 Ra7 22. Rad1 Nd3 23. Ba1 f5 24. Qg5 Re8 25. Re3 Bxc5 26. Nc4 Bxc4 27. bxc4 Bxe3 28. fxe3 Nb4 29. a3 Nc2 30. Be5 Qe7 31. Qf4 Qxa3 32. Bxc6 Nxe3 33. Re1 Rc8 34. Rxe3 Qc1+ 35. Kg2 Rxc6 36.
Qd4 Rb7 37. Qd8+ Kf7 38. Rd3 Rb2+ 39. Kh3 Qf1+ 40. Kh4 Rxh2+ 41. Kg5 h6# 0-1

[Event "*** Titled Tuesday Blitz"]
[Site "Chess.com"]
[Date "2021.03.16"]
[Round "9"]
[White "Chesseyat004"]
[Black "The_filthy"]
[Result "0-1"]
[WhiteElo "2443"]
[BlackElo "2314"]
[TimeControl "180+1"]
[EndTime "11:44:43 PDT"]
[Termination "The_filthy won by resignation"]

1. e4 e6 2. d4 d5 3. e5 b6 4. Nf3 Ba6 5. Bxa6 Nxa6 6. O-O Ne7 7. Nc3 Qd7 8. Ne2 Nf5 9. Qd3 Nb4 10. Qd2 c5 11. c3 Nc6 12. Qf4 h5 13. Ng3 Nce7 14. a3 h4 15. Nxf5 Nxf5 16. b4 c4 17. a4 Be7 18. Qg4 h3 19. g3 g6 20. Bg5 Rh5 21. Bxe7 Qxe7 22. b5 Kf8 23. Qf4 Rh7 24.
a5 bxa5 25. Rxa5 Rb8 26. Rfa1 Rb7 27. Ng5 Rh8 28. Nf3 Kg7 29. Nd2 g5 30. Qg4 Kg6 31. Qd1 Nh6 32. Qa4 f6 33. Rxa7 Rhb8 34. Rxb7 Rxb7 35. Nf3 g4 36. Nh4+ Kh5 37. exf6 Qxf6 38. Re1 Nf5 39. Qa6 Nxh4 40. gxh4 Qf3 0-1

[Event "*** Titled Tuesday Blitz"]
[Site "Chess.com"]
[Date "2021.03.16"]
[Round "9"]
[White "NTBT_DHS"]
[Black "Gloomy_Wanderer"]
[Result "1-0"]
[WhiteElo "2795"]
[BlackElo "2690"]
[TimeControl "180+1"]
[EndTime "11:44:44 PDT"]
[Termination "NTBT_DHS won by resignation"]

1. d4 Nf6 2. Nc3 d5 3. Bg5 c5 4. e3 cxd4 5. Qxd4 Nc6 6. Qd2 e6 7. a3 Be7 8. Nf3 a6 9. Be2 b5 10. O-O Bb7 11. Nd4 O-O 12. Nxc6 Bxc6 13. Rad1 Rc8 14. Qd4 Nd7 15. Bxe7 Qxe7 16. Qf4 Nc5 17. h4 Bb7 18. h5 h6 19. Bf3 Nd7 20. Rfe1 Qf6 21.
Qg3 Ne5 22. Be2 Rfd8 23. Rd4 Qg5 24. Qh3 Nc6 25. Rg4 Qe5 26. f4 Qf6 27. Bd3 Ne7 28. Ne2 Nc6 29. c3 e5 30. Bf5 Rc7 31. Rf1 Ne7 32. fxe5 Qxe5 33. Nd4 Bc8 34. Bxc8 Rcxc8 35. Rgf4 Rf8 36. R1f3 Nc6 37. Rxf7 Nxd4 38. exd4 Qe1+ 39. Rf1 Qe4 40. Qd7 Qe3+ 41. Kh1 Qg5 42. Rxf8+ Rxf8 43. Qe6+ Kh7 44. Rxf8 1-0

[Event "*** Titled Tuesday Blitz"]
[Site "Chess.com"]
[Date "2021.03.16"]
[Round "9"]
[White "I_Enchev"]
[Black "Pinkito"]
[Result "1-0"]
[WhiteElo "2551"]
[BlackElo "2443"]
[TimeControl "180+1"]
[EndTime "11:44:44 PDT"]
[Termination "I_Enchev won by resignation"]

1. d4 e6 2. c4 f5 3. Nf3 Nf6 4. g3 Be7 5. Bg2 O-O 6. O-O d6 7. Nc3 Ne4 8. Qc2 Nxc3 9. bxc3 Nc6 10. e4 e5 11. dxe5 dxe5 12. Rd1 Qe8 13. exf5 Bxf5 14. Qb3 Bg4 15. Nd2 Bxd1 16. Qxd1 Bg5 17. Ne4 Rd8 18.
Qe2 Bxc1 19. Rxc1 Qe7 20. c5 Kh8 21. Rb1 b6 22. cxb6 axb6 23. Qc4 Na5 24. Qe2 Qd7 25.
Re1 Qf5 26. h4 h6 27. Kh2 Nb7 28. Qb5 Nd6 29. Nxd6 Rxd6 30. Re2 Qd7 31. Qxe5 Rd2 32. Kg1 Rxe2 33. Qxe2 Re8 34. Qc4 Qe6 35. Qxc7 Qe1+ 36. Bf1 Qb1 37. a4 Re1 38. Qc8+ Kh7 39. Qc4 Kh8 40.
Qb5 Qxb5 41. axb5 Kg8 42. Kg2 Rc1 43. c4 Kf7 44. Bd3 Rc3 45. Be4 Ke6 46. Bd5+ Ke5 47. f4+ Kd4 48. h5 Rxc4 49. Bxc4 Kxc4 50. g4 Kxb5 51.
g5 Kc6 52. f5 b5 53. f6 gxf6 54. gxh6 b4 55. h7 b3 56. h8=Q b2 57. Qh7 1-0